 Dungeon Crawl Stone Soup version 0.29.0-4-gdea44cf6ec (webtiles) character file.

Game seed: 12512082025943948237

7 qw the Chopper (level 2, -1/24 HPs)
             Began as a Barachi Chaos Knight on Sept 5, 2022.
             Slain by a gnoll
             ... wielding a +0 club
              (4 damage)
             ... on level 1 of the Dungeon.
             The game lasted 00:00:04 (188 turns).

qw the Chopper (Barachi Chaos Knight)                Turns: 188, Time: 00:00:05

Health: -1/24      AC:  5    Str: 13    XL:     2   Next: 4%
Magic:  2/2        EV: 11    Int: 12    God:
Gold:   0          SH:  0    Dex: 11    Spells: 1/1 levels left

rFire   . . .      SeeInvis .   a - +0 hand axe (chaos)
rCold   . . .      Faith    .   (no shield)
rNeg    . . .      Spirit   .   b - +2 leather armour
rPois   .          Reflect  .   (no helmet)
rElec   .          Harm     .   (no cloak)
rCorr   .          Rampage  .   (no gloves)
Will    .....                   (no boots)
Stlth   +.........              (no amulet)
HPRegen 0.08/turn               (no ring)
MPRegen 0.08/turn               (no ring)

@: slow
A: amphibious, slowness 1, strong legs 1, +LOS
a: Hop


You were on level 1 of the Dungeon.
You visited 1 branch of the dungeon, and saw 1 of its levels.


Innate Abilities, Weirdness & Mutations

You are amphibious.
You cover ground slowly.
You can hop short distances.
You have an extended range of vision and can be seen from far away.


   Skills:
 - Level 3.6 Fighting
 + Level 3.9 Axes
 - Level 2.4 Armour
 - Level 1.1 Dodging


You had one spell level left.
You didn't know any spells.
Your spell library was empty.

Inventory:

Hand Weapons
 a - a +0 hand axe of chaos (weapon)
Armour
 b - a +2 leather armour (worn)
 e - a +0 chain mail
Potions
 d - a potion of heal wounds {unknown}
Miscellaneous
 c - a piece from Xom's chessboard (15/15)

Dungeon Overview and Level Annotations

Branches:
Dungeon (1/15)

Altars:


Message History

e - a +0 chain mail A kobold and a gnoll come into view.
The kobold shouts!
The kobold moves out of view.
The kobold throws a stone.
The stone misses you.
The kobold throws a stone.
The stone hits you but does no damage.
A hobgoblin comes into view.
177 ||| Stepping ~*~*~tactically~*~*~ (stealth).
The kobold throws a stone.
The stone hits you.
178 ||| Stepping ~*~*~tactically~*~*~ (stealth).
The gnoll attacks as you move away! The gnoll hits you with a +0 club.
You hit the gnoll but do no damage.
The gnoll resists with some effort.
The gnoll hits you with a +0 club.
You hit the gnoll but do no damage. The gnoll hits you with a +0 club.
The gnoll misses you.
You hit the gnoll.
The gnoll resists with some effort.
The gnoll is lightly wounded.
You hit the kobold.
You kill the kobold!
The gnoll barely misses you.
A frilled lizard comes into view.
An endoplasm comes into view.
You have reached level 2!
182 ||| Stepping ~*~*~tactically~*~*~ (stealth).
You barely miss the gnoll.
The gnoll is lightly wounded.
The gnoll hits you with a +0 club.
184 ||| Stepping ~*~*~tactically~*~*~ (stealth).
185 ||| Stepping ~*~*~tactically~*~*~ (stealth).
186 ||| Stepping ~*~*~tactically~*~*~ (stealth).
The gnoll hits you with a +0 club.
You hit the gnoll.
The gnoll is heavily wounded.
The gnoll hits you with a +0 club.
You hit the gnoll. You burn the gnoll.
The gnoll is almost dead.
You barely miss the hobgoblin.
The hobgoblin hits you but does no damage.
The gnoll hits you with a +0 club.
You die... "Boring in life, boring in death..."

#### ... ##### ... ##~~~##
..## ##~~P~~##
..############
##~~~.~~~###.............
#~~P.8.P~~#@g............
#.#~~.....~~#g.............
#.8~.......~8..............
#.+.P8.<.8P.'..%...........
#8~.......~8J.%...........
##~~.....~~#...)..........
#~~P.8.P~~#.........###..
##~~~.~~~##.........#
##~~P~~##..........#


You could see a gnoll, an endoplasm and a hobgoblin.

Vanquished Creatures
  A dart slug (D:1)
  An endoplasm (D:1)
  A kobold (D:1)
  2 ball pythons (D:1)
5 creatures vanquished.

Notes
Turn   | Place    | Note
-------+----------+-------------------------------------------
     0 | D:1      | qw the Barachi Chaos Knight began the quest for the Orb.
     0 | D:1      | Reached XP level 1. HP: 18/18 MP: 1/1
     0 | D:1      | 0 ||| qw: Version: 0.1-a-104-g96f76f8
     0 | D:1      | 0 ||| qw: Game counter: 5947
     0 | D:1      | 0 ||| qw: Always use a shield: true
     0 | D:1      | 0 ||| qw: God list: Okawaru
     0 | D:1      | 0 ||| qw: Allow faded altars: false
     0 | D:1      | 0 ||| qw: Do Orc after D:15 true
     0 | D:1      | 0 ||| qw: Do second Lair branch before Depths: true
     0 | D:1      | 0 ||| qw: Lair rune preference: random
     0 | D:1      | 0 ||| qw: Plans: Normal
     0 | D:1      | 0 ||| PLANNING D:1-11
     0 | D:1      | Fell from the grace of Xom
   177 | D:1      | 177 ||| Stepping ~*~*~tactically~*~*~ (stealth).
   178 | D:1      | 178 ||| Stepping ~*~*~tactically~*~*~ (stealth).
   182 | D:1      | Reached XP level 2. HP: 16/24 MP: 2/2
   182 | D:1      | 182 ||| Stepping ~*~*~tactically~*~*~ (stealth).
   184 | D:1      | 184 ||| Stepping ~*~*~tactically~*~*~ (stealth).
   185 | D:1      | 185 ||| Stepping ~*~*~tactically~*~*~ (stealth).
   186 | D:1      | 186 ||| Stepping ~*~*~tactically~*~*~ (stealth).
   187 | D:1      | HP: 3/24 [gnoll/+0 club (4)]
   188 | D:1      | Slain by a gnoll

Levels and vault maps discovered:
D:1:      lightli_arrival_statuegarden, layout_rooms,
          hellmonk_ecumenical_altar_crossroads

Action                   || total
-------------------------++-------
Melee: Hand axe          ||    14
Invok: Renounce Religion ||     1
Armor: Leather armour    ||     5
Dodge: Dodged            ||     6

Table legend:
 A = Non-vault XP
 B = Vault XP
 C = Vault XP percentage of total XP
 D = Non-vault monster count
 E = Vault monster count
 F = Vault count percentage of total count
                 A         B        C        D         E       F
            +---------+---------+-------+---------+---------+-------
      Total |      11 |       0 |   0.0 |       5 |       0 |   0.0
            +---------+---------+-------+---------+---------+-------
        D:1 |      11 |       0 |   0.0 |       5 |       0 |   0.0
            +---------+---------+-------+---------+---------+-------
